cohdb
Replays
Latest Replays
All Replays
Popular Replays
Top Player Replays
Match Explorer
How It Works
Community
CoH3 Stats
Reddit
Sign in to upload your games and track your stats! →
Sign in with Steam
Match 44513654
Unlisted
Match 44513654
Overview
Messages
Build Orders
End
Panzergrenadier Squad
250 Light Carrier
Panzergrenadier Squad
Construct Light Support Kompanie
Selects Armored Support Battlegroup
Selects Superior Fire Drills
MG34 Team
Fire Support Elements
Flakvierling Half-track
MG34 Team
2.5-tonne Medical Truck
Selects Salvage Kits
Construct Mechanized Kompanie
Construct Mechanized Kompanie
Veteran Squad Leaders
Selects Flammpanzer III Medium Tank
18-tonne Recovery Half-track
Advanced Field Repairs
Construct Panzerarmee Kommand
Selects Battlefield Salvage
Selects Panzer Storm
Walking Stuka Rocket Launcher
Emergency Repair Kits
Flak 36 Anti-tank Gun Team
Armored Reserves
Panzer IV Assault Group
DingDong
20k keks under the sea
DrewP
Dillbro
0
0
Comments
sign in to comment!
No comments posted yet!